 Dungeon Crawl Stone Soup version 0.23.2-1-ga50397a (webtiles) character file.

Game seed: 12199377724480467931

1471 IBeShadow the Protected (level 8, 0/61 HPs)
             Began as a Gnoll Wanderer on May 23, 2019.
             Was a Believer of Lugonu.
             Slain by an adder (2 damage)
             ... in a sewer.
             The game lasted 00:10:46 (6542 turns).

IBeShadow the Protected (Gnoll Wanderer)            Turns: 6542, Time: 00:10:47

Health: 0/61       AC: 12    Str: 15    XL:     8   Next: 78%
Magic:  0/13       EV: 16    Int: 23    God:    Lugonu [**....]
Gold:   346        SH:  0    Dex: 18    Spells: 14/14 levels left

rFire    . . .     SeeInvis .   C - +5 short sword (vamp)
rCold    + . .     Gourm    .   (no shield)
rNeg     . . .     Faith    .   D - +3 scale mail {rC+}
rPois    .         Spirit   +   r - +0 helmet (curse)
rElec    .         Reflect  .   (no cloak)
rCorr    +         Harm     .   (no gloves)
MR       .....                  (no boots)
Stlth    +++.......             w - amulet of guardian spirit
HPRegen  0.20/turn              y - ring of resist corrosion
MPRegen  0.13/turn              (no ring)

@: brilliant, agile, lethally poisoned (0 -> -6)
A: distributed training, fangs 1, strong nose
a: Depart the Abyss, Bend Space, Renounce Religion


You were in a sewer.
You worshipped Lugonu.
Lugonu was pleased with you.
You were not hungry.

You visited 2 branches of the dungeon, and saw 7 of its levels.
You also visited: Sewer.

You collected 346 gold pieces.

Inventory:

Hand Weapons
 a - a +2 mace
 C - a +5 vampiric short sword (weapon)
Armour
 l - a +0 chain mail
 n - a +0 hat
 r - a cursed +0 helmet (worn)
 D - a +3 scale mail of cold resistance (worn)
Jewellery
 w - an amulet of guardian spirit (around neck)
 y - a ring of resist corrosion (left hand)
Wands
 q - a wand of acid (7)
 E - a wand of flame (15)
Scrolls
 b - 4 scrolls of teleportation
 e - 4 scrolls of identify {unknown}
 h - 7 scrolls of remove curse {unknown}
 i - 2 scrolls of fear {unknown}
 p - 3 scrolls of fog {unknown}
 s - a scroll of blinking {unknown}
 u - 2 scrolls of enchant weapon {unknown}
 v - 4 scrolls of magic mapping {unknown}
 x - a scroll of enchant armour {unknown}
 B - 2 scrolls of random uselessness {unknown}
Potions
 c - a potion of lignification
 g - a potion of agility
 j - a potion of might {unknown}
 k - a potion of heal wounds {unknown}
 m - a potion of cancellation {unknown}
 o - a potion of brilliance
 t - a potion of mutation {unknown}
 z - 3 potions of curing {unknown}
 A - a potion of resistance {unknown}
Comestibles
 d - 3 chunks of flesh
 f - 9 rations


   Skills:
 + Level 4.4 Fighting
 + Level 3.5 Short Blades
 + Level 3.5 Long Blades
 + Level 3.5 Axes
 + Level 7.5 Maces & Flails
 + Level 3.5 Polearms
 + Level 3.5 Staves
 + Level 3.5 Slings
 + Level 3.5 Bows
 + Level 3.5 Crossbows
 + Level 4.4 Throwing
 + Level 9.2 Armour
 + Level 3.5 Dodging
 + Level 4.2 Stealth
 + Level 3.5 Shields
 + Level 3.5 Unarmed Combat
 + Level 3.5 Spellcasting
 + Level 2.8 Conjurations
 + Level 2.8 Hexes
 + Level 2.8 Charms
 + Level 2.8 Summonings
 + Level 2.8 Necromancy
 + Level 2.8 Translocations
 + Level 2.8 Transmutations
 + Level 2.8 Fire Magic
 + Level 2.8 Ice Magic
 + Level 2.8 Air Magic
 + Level 2.8 Earth Magic
 + Level 2.8 Poison Magic
 + Level 3.8 Invocations
 + Level 3.5 Evocations


You had 14 spell levels left.
You didn't know any spells.
Your spell library was empty.

Dungeon Overview and Level Annotations

Branches:
Dungeon (6/15)             Temple (1/1) D:5

Altars:
Ashenzari
Dithmenos
Fedhas
Gozag
Kikubaaqudgha
Nemelex Xobeh
Okawaru
Uskayaw
Yredelemnul
Lugonu

Annotations:
D:5 1 runed translucent door, Keegan's ghost, novice MiBe


Innate Abilities, Weirdness & Mutations

Your experience applies equally to all skills.
You have very sharp teeth.
Your uncanny sense of smell can sniff out nearby items.


Message History

* * * LOW HITPOINT WARNING * * *
You are more poisoned.
The adder poisons you! The adder bites you but does no damage.
Unknown command.
It was a potion of agility.
You feel agile all of a sudden.
* * * LOW HITPOINT WARNING * * *
You feel sick. The ball python misses you. The ball python closely misses you.
The adder barely misses you. x2; The ball python misses you.
The ball python barely misses you.
It was a potion of brilliance.
You feel clever all of a sudden.
* * * LOW HITPOINT WARNING * * *
You feel sick. The adder bites you.
* * * LOW HITPOINT WARNING * * *
You are more poisoned.
The adder poisons you! The adder barely misses you.
The ball python barely misses you. The ball python misses you.
The adder bites you.
You die...

# ######
.....##
######
......##
∆∆∆##....##
.......# ∆
∆+......#
#......##
∆∆∆#......#
##......#
#......#
###≈≈.≈##
#S@≈...#
##≈≈≈≈≈≈#
#≈SS≈≈≈#
#≈≈≈≈≈≈#
#≈≈≈≈≈≈#
#≈≈≈≈≈≈#
#≈≈≈≈≈≈#
#≈≈≈≈≈≈#
#≈≈≈≈≈≈#
#≈≈≈≈≈≈#
#≈≈≈≈#≈#
#≈≈≈≈≈≈#
#≈≈≈≈≈≈#
#≈≈≈≈≈≈#
#≈≈≈≈.≈#
#≈≈..≈≈#
#≈≈≈≈.≈#


You could see 2 adders and a ball python.

Vanquished Creatures
  Duvessa (D:4)
  A black bear (D:6)
  2 ice beasts (D:5)
  2 phantoms
  2 bullfrogs (Sewer)
  Dowan (D:4)
  A crimson imp (D:5)
  A centaur zombie (D:5)
  A hound (D:5)
  An orc priest (D:6)
  A bullfrog skeleton (D:4)
  An iguana (D:4)
  3 orc wizards
  5 worker ants
  A hound zombie (D:5)
  Robin (D:3)
  13 adders
  5 river rats (Sewer)
  A shadow imp (D:5)
  3 oozes
  3 worms
  2 dart slugs
  2 leopard geckos
  6 orcs
  7 ball pythons
  16 bats
  13 giant cockroaches
  15 goblins
  11 hobgoblins
  6 jackals
  3 quokkas
  7 frilled lizards
  3 kobolds
  28 rats
169 creatures vanquished.

Notes
Turn   | Place    | Note
-------+----------+-------------------------------------------
     0 | D:1      | IBeShadow the Gnoll Wanderer began the quest for the Orb.
     0 | D:1      | IBeShadow set off with the following items: a +2 mace, a
                  | scroll of teleportation, a potion of lignification, a +0
                  | robe, a ration
     0 | D:1      | Reached XP level 1. HP: 17/17 MP: 1/1
   139 | D:1      | Reached XP level 2. HP: 9/23 MP: 2/2
  1198 | D:2      | Reached XP level 3. HP: 25/28 MP: 3/3
  1376 | D:2      | Reached skill level 1 in Invocations
  1438 | D:2      | Reached skill level 1 in Short Blades
  1438 | D:2      | Reached skill level 1 in Long Blades
  1438 | D:2      | Reached skill level 1 in Axes
  1438 | D:2      | Reached skill level 1 in Polearms
  1438 | D:2      | Reached skill level 1 in Staves
  1438 | D:2      | Reached skill level 1 in Slings
  1438 | D:2      | Reached skill level 1 in Bows
  1438 | D:2      | Reached skill level 1 in Crossbows
  1438 | D:2      | Reached skill level 1 in Dodging
  1438 | D:2      | Reached skill level 1 in Shields
  1438 | D:2      | Reached skill level 1 in Unarmed Combat
  1438 | D:2      | Reached skill level 1 in Spellcasting
  1438 | D:2      | Reached skill level 1 in Evocations
  1443 | D:2      | Reached XP level 4. HP: 20/34 MP: 5/5
  1921 | D:3      | Reached skill level 1 in Conjurations
  1921 | D:3      | Reached skill level 1 in Hexes
  1921 | D:3      | Reached skill level 1 in Charms
  1921 | D:3      | Reached skill level 1 in Summonings
  1921 | D:3      | Reached skill level 1 in Necromancy
  1921 | D:3      | Reached skill level 1 in Translocations
  1921 | D:3      | Reached skill level 1 in Transmutations
  1921 | D:3      | Reached skill level 1 in Fire Magic
  1921 | D:3      | Reached skill level 1 in Ice Magic
  1921 | D:3      | Reached skill level 1 in Air Magic
  1921 | D:3      | Reached skill level 1 in Earth Magic
  1921 | D:3      | Reached skill level 1 in Poison Magic
  1932 | D:3      | Found an iron altar of Okawaru.
  2052 | D:3      | Reached XP level 5. HP: 31/40 MP: 6/6
  2159 | D:3      | Noticed Robin
  2184 | D:3      | Killed Robin
  2972 | D:4      | You fall through a shaft!
  2972 | D:5      | Entered Level 5 of the Dungeon
  3227 | D:5      | Noticed an ice beast
  3246 | D:5      | Killed an ice beast
  3246 | D:5      | Reached XP level 6. HP: 47/47 MP: 8/8
  3531 | D:5      | Found a staircase to the Ecumenical Temple.
  3540 | Temple   | Entered the Ecumenical Temple
  3593 | Temple   | Became a worshipper of Lugonu the Unformed
  3593 | Temple   | Reached * piety under Lugonu
  3779 | D:5      | Noticed an ice beast
  3793 | D:5      | Killed an ice beast
  3793 | D:5      | Reached XP level 7. HP: 34/52 MP: 10/10
  4720 | D:5      | Found a runed translucent door.
  4723 | D:5      | Noticed Keegan's ghost (novice MiBe)
  4930 | D:4      | Reached skill level 9 in Armour
  5079 | D:4      | Reached XP level 8. HP: 27/60 MP: 8/12
  5363 | D:4      | Found a blossoming altar of Fedhas.
  5536 | D:4      | Noticed Duvessa
  5536 | D:4      | Noticed Dowan
  5569 | D:4      | Killed Duvessa
  5583 | D:4      | Killed Dowan
  5790 | D:4      | Found an opulent altar of Gozag.
  5791 | D:4      | Found a sparkling altar of Nemelex Xobeh.
  6075 | D:6      | Found a glowing drain.
  6105 | Sewer    | Entered a sewer
  6230 | Sewer    | Reached ** piety under Lugonu
  6542 | Sewer    | HP: 2/61 [adder (2)]
  6542 | Sewer    | Slain by an adder

Skill      XL: |  1  2  3  4  5  6  7  8 |
---------------+-------------------------+-----
Invocations    | 1 2 3 |  3.8
Short Blades   | 1 2 3 |  3.5
Long Blades    | 1 2 3 |  3.5
Axes           | 1 2 3 |  3.5
Polearms       | 1 2 3 |  3.5
Staves         | 1 2 3 |  3.5
Slings         | 1 2 3 |  3.5
Bows           | 1 2 3 |  3.5
Crossbows      | 1 2 3 |  3.5
Dodging        | 1 2 3 |  3.5
Shields        | 1 2 3 |  3.5
Unarmed Combat | 1 2 3 |  3.5
Spellcasting   | 1 2 3 |  3.5
Evocations     | 1 2 3 |  3.5
Conjurations   | 1 2 |  2.8
Hexes          | 1 2 |  2.8
Charms         | 1 2 |  2.8
Summonings     | 1 2 |  2.8
Necromancy     | 1 2 |  2.8
Translocations | 1 2 |  2.8
Transmutations | 1 2 |  2.8
Fire Magic     | 1 2 |  2.8
Ice Magic      | 1 2 |  2.8
Air Magic      | 1 2 |  2.8
Earth Magic    | 1 2 |  2.8
Poison Magic   | 1 2 |  2.8
Fighting       | 3 4 |  4.4
Throwing       | 3 4 |  4.4
Stealth        | 3 4 |  4.2
Maces & Flails | 7 |  7.5
Armour         | 9 |  9.2

Action                   |  1- 3 |  4- 6 |  7- 9 || total
-------------------------+-------+-------+-------++-------
Melee: Mace              |   102 |   269 |   157 ||   528
       Bite              |     5 |    22 |    30 ||    57
       Short sword       |       |       |   266 ||   266
       Punch             |       |       |     1 ||     1
Invok: Bend Space        |       |       |     1 ||     1
Evoke: Wand              |       |       |     2 ||     2
  Use: Potion            |       |       |     2 ||     2
 Stab: Sleeping          |     2 |       |       ||     2
  Eat: Chunk             |     2 |     7 |     8 ||    17
       Ration            |       |       |     2 ||     2
Armor: Robe              |    16 |       |       ||    16
       Chain mail        |    29 |   203 |    91 ||   323
       Scale mail        |       |       |   279 ||   279
Dodge: Dodged            |    63 |   115 |   382 ||   560
